 Dungeon Crawl Stone Soup version 0.26.1-2-gb8aa6d0cf2 (webtiles) character file.

Game seed: 2331949001072069201

250168 zoidberg28 the Unseen (level 19, -21/97 HPs)
             Began as a Spriggan Enchanter on Feb 1, 2021.
             Was the Champion of Nemelex Xobeh.
             Killed from afar by a deep elf annihilator (67 damage)
             ... with a crystal spear
             ... on level 3 of the Elven Halls on Feb 8, 2021.
             The game lasted 06:47:49 (72572 turns).

zoidberg28 the Unseen (Spriggan Enchanter)         Turns: 72572, Time: 06:47:50

Health: -21/97     AC: 14    Str:  8    XL:     19   Next: 29%
Magic:  39/46      EV: 36    Int: 18    God:    Nemelex Xobeh [******]
Gold:   1440       SH: 13    Dex: 27    Spells: 2/44 levels left

rFire    + + +     SeeInvis +   a - +9 quick blade
rCold    + + .     Faith    .   m - +3 buckler {rC+ rF+}
rNeg     . . .     Spirit   .   U - +3 steam dragon scales
rPois    .         Reflect  .   Z - +2 hat {Will+}
rElec    .         Harm     .   e - scarf {rC+ rF+}
rCorr    .         Rampage  .   (gloves unavailable)
Will     ++++.                  (boots unavailable)
Stlth    ++++++++..             (no amulet)
HPRegen  0.26/turn              y - +4 ring of protection
MPRegen  0.30/turn              z - ring "Obuovenu" {*Contam rF+ MP+9 Str+4 Dex+4}

@: lethally poisoned (-21 -> -32), confusing touch, very quick
A: very small, unfitting armour, see invisible, speed 3
}: 1/15 runes: serpentine
a: Renounce Religion, Draw Escape, Draw Destruction, Draw Summoning, Draw Stack,
Triple Draw, Deal Four, Stack Five


You were on level 3 of the Elven Halls.
You worshipped Nemelex Xobeh.
Nemelex Xobeh was exalted by your worship.
You visited 7 branches of the dungeon, and saw 32 of its levels.
You visited 1 bazaar.
You also visited: Ossuary.

You collected 4393 gold pieces.
You spent 2953 gold pieces at shops.

Inventory:

Hand Weapons
 a - a +9 quick blade (weapon)
 x - a +2 rapier of venom
 L - a +0 vampiric short sword
 V - a +1 rapier of electrocution
Missiles
 n - 5 boomerangs of dispersal
 G - 8 atropa-tipped darts
 S - 4 throwing nets (quivered)
Armour
 e - a scarf of resistance (worn)
 m - a +3 buckler of resistance (worn)
 U - +3 steam dragon scales (worn)
 Z - a +2 hat of willpower (worn)
Magical Staves
 Y - an uncursed staff of earth
Jewellery
 c - a +4 ring of protection
 d - an uncursed ring of flight
 j - a +6 ring of intelligence
 y - a +4 ring of protection (left hand)
 z - the ring "Obuovenu" (right hand) {*Contam rF+ MP+9 Str+4 Dex+4}
   (You found it on level 1 of the Snake Pit)

   [ring of protection from fire]

   It affects your strength (+4).
   It affects your dexterity (+4).
   It protects you from fire.
   It affects your magic capacity (+9).
   It causes magical contamination when unequipped.
 I - an uncursed ring of positive energy
 M - a +4 ring of evasion
Wands
 b - a wand of digging (11)
 v - a wand of polymorph (42)
 A - a wand of acid (33)
 J - a wand of disintegration (61)
 K - a wand of flame (59)
 T - a wand of iceblast (33)
Scrolls
 i - 16 scrolls of teleportation
 k - 4 scrolls of fog
 q - 2 scrolls of blinking
 u - 17 scrolls of remove curse
 C - 2 scrolls of amnesia
 E - 11 scrolls of fear
 P - 2 scrolls of holy word
 Q - 13 scrolls of identify
 R - 3 scrolls of magic mapping
 W - a scroll of summoning
Potions
 f - 4 potions of heal wounds
 g - 5 potions of attraction
 h - 3 potions of brilliance
 l - 3 potions of resistance
 o - 5 potions of flight
 r - 2 potions of might
 s - 8 potions of curing
 t - 5 potions of cancellation
 w - 7 potions of magic
 D - 2 potions of ambrosia
 F - 9 potions of haste
 O - 2 potions of invisibility
Miscellaneous
 p - a phantom mirror
 B - a phial of floods
 H - a condenser vane
 N - a lightning rod (4/4)
 X - a box of beasts


   Skills:
 + Level 9.6 Fighting
 * Level 17.3 Short Blades
 + Level 15.5 Dodging
 + Level 20.5 Stealth
 - Level 7.2 Shields
 + Level 13.4 Spellcasting
 - Level 1.0 Conjurations
 * Level 15.6 Hexes
 - Level 6.7 Translocations
 - Level 6.2 Transmutations
 - Level 1.0 Air Magic
 - Level 3.0 Poison Magic
 + Level 11.1 Invocations
 + Level 14.1 Evocations


You had 2 spell levels left.
You knew the following spells:

 Your Spells              Type           Power        Failure   Level
a - Corona                Hex            68%          0%          1
b - Ensorcelled Hibernat  Hex/Ice        80%          1%          2
c - Confusing Touch       Hex            62%          1%          3
d - Tukima's Dance        Hex            62%          1%          3
e - Dazzling Flash        Conj/Hex       84%          1%          3
f - Slow                  Hex            62%          0%          2
g - Blink                 Tloc           N/A          1%          2
h - Mephitic Cloud        Conj/Pois/Air  18%          9%          3
i - Cause Fear            Hex            31%          1%          4
j - Discord               Hex            31%          52%         8
k - Static Discharge      Conj/Air       15%          11%         3
l - Stone Arrow           Conj/Erth      26%          14%         3
m - Blade Hands           Tmut           17%          12%         5

Your spell library contained the following spells:

 Spells                   Type           Power        Failure   Level
 Beastly Appendage        Tmut           68%          1%          1
 Wereblood                Tmut           34%          1%          2
 Passwall                 Tmut/Erth      19%          2%          2
 Magic Dart               Conj           60%          3%          1
 Animate Skeleton         Necr           24%          5%          1
 Freeze                   Ice            48%          5%          1
 Sandblast                Erth           24%          5%          1
 Swiftness                Air            15%          5%          2
 Call Imp                 Summ           12%          9%          2
 Gell's Gravitas          Tloc           18%          1%          3
 Yara's Violent Unravell  Hex/Tmut       25%          1%          5
 Spider Form              Tmut/Pois      14%          2%          3
 Silence                  Hex/Air        21%          4%          5
 Metabolic Englaciation   Hex/Ice        20%          6%          5
 Conjure Flame            Conj/Fire      13%          14%         3
 Ice Form                 Ice/Tmut       23%          16%         4
 Petrify                  Tmut/Erth      23%          16%         4
 Frozen Ramparts          Ice            24%          17%         3
 Ozocubu's Armour         Ice            12%          17%         3
 Hailstorm                Conj/Ice       13%          41%         4
 Summon Ice Beast         Ice/Summ       12%          50%         4
 Borgnjor's Vile Clutch   Necr/Erth      6%           83%         5
 Lee's Rapid Deconstruct  Erth           6%           83%         5
 Statue Form              Tmut/Erth      15%          94%         6
 Freezing Cloud           Conj/Ice/Air   7%           100%        6
 Ozocubu's Refrigeration  Ice            6%           100%        6
 Simulacrum               Ice/Necr       6%           100%        6


Dungeon Overview and Level Annotations

Branches:
Dungeon (15/15)            Temple (1/1) D:5            Lair (6/6) D:10
  Swamp (1/4) Lair:3        Snake (4/4) Lair:2        Slime (0/5) Lair:5
    Orc (2/2) D:9             Elf (3/3) Orc:2        Vaults (0/5) D:13
 Depths (0/5) D:15        Ossuary (visited)

Altars:
Ashenzari
Cheibriados
Dithmenos
Elyvilon
Fedhas
Gozag
Hepliaklqana
Kikubaaqudgha
Makhleb
Nemelex Xobeh
Okawaru
Qazlal
Ru
Sif Muna
Trog
Uskayaw
Vehumet
Wu Jian
Xom
Yredelemnul
Zin
The Shining One
Lugonu

Shops:
D:7 !   D:8 (   Orc:2 ([([   Snake:4 }

Portals:
Abyss: Orc:1

Annotations:
D:7 1 exclusion
Elf:2 3 runed translucent doors


Innate Abilities, Weirdness & Mutations

You are very small and have problems with some larger weapons.
You are too small for most types of armour.
You have supernaturally acute eyesight. (SInv)
You cover ground extremely quickly.


Message History

The stinking cloud engulfs the deep elf annihilator but does no damage. x2
You feel sick.
You hear a shout!
The deep elf annihilator is engulfed in noxious fumes. x2
The deep elf annihilator appears confused.
You hit the deep elf annihilator but do no damage.
You feel sick.
The deep elf annihilator casts a spell at you.
The iron shot hits you!!!
You hit the deep elf annihilator but do no damage.
The deep elf annihilator is engulfed in noxious fumes.
You feel sick.
Things that are here:
a +3 rapier of holy wrath; a +0 leather armour You feel sick.
The deep elf annihilator gestures at you while chanting.
The crystal spear hits you!!!
Ouch! That really hurt!
You die...
Your body glows slightly and disappears.

.###.#.#...#...##.####.###.......
..#.....###......#.....# ##...###
#..............)###...## ##)##
##...............#..#.# ##.##
##..........e.)#.#.#.# #...#
####).....)()).(#...#.# #...###
............#)#.##..#)# #......
#.##........#e#)#..().#####...###
.#..........#.()@.###.#.......#
.#...#..#.#######.# #.........#
.#..##...(..#.....###.#.......#
#.#.##......#.##......#####...###
.##.##...(..#.##.####.#####......
#########.#############.....).###
#.# ####....# #.# ##..#### ## #.#
#.....#


You could see 2 deep elf annihilators.

Vanquished Creatures
  Vashnia (Snake:3)
  Nikola (Snake:4)
  2 deep elf blademasters (Elf:3)
  2 deep elf master archers (Elf:3)
  Frances (Elf:1)
  Gastronok (D:9)
  Kirke (Lair:5)
  10 nagarajas
  6 deep elf sorcerers
  Aizul (Snake:4)
  An emperor scorpion (D:15)
  A stone giant (Orc:1)
  5 deep elf demonologists
  5 deep elf annihilators (Elf:3)
  Azrael (D:15)
  A minotaur (Orc:2)
  An entropy weaver (Lair:4)
  A deep elf death mage (Elf:3)
  Snorg (D:14)
  The ghost of Survivorfifteen the Brawler, a journeyman GrBe of Trog (Orc:2)
  Josephine (Lair:5)
  A fire dragon (Lair:6)
  4 deep elf high priests
  Harold (D:8)
  4 vault guards (D:13)
  7 boulder beetles
  14 hydras
  12 naga warriors
  3 centaur warriors
  9 anacondas
  3 two-headed ogres
  Erica (D:11)
  15 death yaks
  10 dancing weapons
  A shock serpent (shapeshifter) (Elf:1)
  An orc high priest (Orc:1)
  7 shock serpents
  17 naga sharpshooters
  2 tengu warriors (D:15)
  15 deep elf knights
  Sonja (Orc:1)
  3 skeletal warriors
  3 salamander mystics
  7 sea snakes (Snake:4)
  A goliath frog (Swamp:1)
  2 unseen horrors
  8 orc knights
  8 naga ritualists
  3 lindwurms
  A wizard (D:15)
  Pikel (D:7)
  6 deep elf archers
  3 wolf spider zombies
  A wolf spider (Lair:6)
  7 mana vipers
  40 deep elf magi
  3 cyclopes
  14 salamanders
  7 oklob plants
  An orc sorcerer (Elf:1)
  2 ugly things
  A manticore (Lair:4)
  14 elephants
  41 black mambas
  5 guardian serpents
  22 naga magi
  6 torpor snails
  11 cane toads
  A gargoyle (D:14)
  A cane toad (shapeshifter) (D:14)
  A freezing wraith (D:15)
  An efreet (D:13)
  13 komodo dragons
  7 rime drakes
  A tengu conjurer (D:13)
  A harpy zombie (D:14)
  3 polar bears
  A bloated husk (Swamp:1)
  6 meliai
  4 trolls
  5 tyrant leeches
  A wolf spider simulacrum (D:14)
  11 blink frogs
  5 slime creatures (D:14)
  10 hornets
  7 dream sheep
  An air elemental (Elf:1)
  A redback (Snake:4)
  A vampire (D:11)
  8 wraiths
  4 water elementals
  3 wyverns
  Eustachio (D:6)
  9 basilisks
  60 yaks
  A tarantella (shapeshifter) (D:15)
  4 vampire mosquitoes (D:14)
  4 fire elementals
  A steam dragon (D:10)
  Menkaure (Ossuary)
  A swamp worm (Lair:3)
  58 nagas
  5 hell hounds
  Edmund (D:5)
  3 wargs
  24 water moccasins
  2 soldier ants
  Duvessa (D:6)
  2 acid dragons
  A hornet zombie (D:8)
  2 ice beasts
  A meliai simulacrum (D:13)
  37 orc warriors
  3 sky beasts
  A black bear (D:12)
  2 phantoms (D:11)
  5 eyes of draining
  3 necrophages
  22 centaurs
  16 ogres
  33 wolves
  A lemure (D:7)
  4 big kobolds
  16 bullfrogs
  A gnoll sergeant (D:11)
  A wyvern zombie (D:13)
  An earth elemental (Elf:1)
  A hornet simulacrum (D:9)
  5 scorpions
  Dowan (D:6)
  A wyvern skeleton (D:11)
  A water moccasin skeleton (D:11)
  34 killer bees
  9 wights
  5 howler monkeys
  An electric eel (D:9)
  A wyvern simulacrum (D:9)
  5 hounds
  5 quasits
  A bullfrog skeleton (D:9)
  5 jellies
  22 orc priests
  Crazy Yiuf (D:7)
  5 centaur zombies
  A water moccasin simulacrum (D:9)
  6 centaur skeletons
  4 iguanas
  24 orc wizards
  18 worker ants
  2 bullfrog simulacra (D:9)
  A big kobold zombie (Ossuary)
  4 ogre zombies (Ossuary)
  A hound zombie (D:3)
  6 mummies (Ossuary)
  Robin (D:2)
  7 gnolls
  9 adders
  2 shadow imps (D:5)
  5 white imps
  2 oozes (Lair:5)
  8 adder zombies (Ossuary)
  3 worms
  2 dart slugs
  An adder simulacrum (D:9)
  3 leopard geckos
  84 orcs
  8 giant cockroaches
  2 gnoll zombies (Ossuary)
  15 goblins
  8 hobgoblins
  4 jackals (D:3)
  26 kobolds
  8 quokkas
  A ball python skeleton (D:6)
  10 bats
  6 frilled lizards
  7 goblin zombies (Ossuary)
  2 hobgoblin zombies (Ossuary)
  2 kobold zombies (Ossuary)
  A quokka zombie (Ossuary)
  10 rats
  2 rat zombies (Ossuary)
  2 crawling corpses (Elf:3)
  A lurking horror (Orc:1)
1231 creatures vanquished.

Vanquished Creatures (collateral kills)
  A nagaraja (Snake:4)
  A deep elf demonologist (Elf:3)
  A deep elf death mage (Elf:3)
  A naga warrior (Snake:4)
  A catoblepas (Lair:6)
  A dancing weapon (Elf:1)
  4 death yaks (Lair:3)
  A two-headed ogre (D:11)
  A salamander (Snake:4)
  A black mamba (Snake:3)
  A manticore (D:15)
  A guardian serpent (Snake:4)
  A cane toad (Lair:4)
  A naga mage (Snake:1)
  A rime drake (Lair:5)
  A queen bee (Lair:4)
  A yak (Lair:3)
  The ghost of kwass the Conjurer, an amateur DECj of Zin (D:4)
  A wraith (D:14)
  9 nagas
  13 orc warriors
  A sky beast (D:14)
  3 ogres
  2 killer bees (Lair:4)
  2 orc priests
  2 orc wizards
  4 gnolls (D:4)
  21 orcs
79 creatures vanquished.

Vanquished Creatures (others)
  33 dancing weapons
  3 yaks (Lair:5)
  2 humans (Lair:5)
  A wolf (Lair:5)
  An ooze (Lair:5)
  2 orcs (D:15)
  A butterfly (Lair:5)
  66 fungi
  109 plants
218 creatures vanquished.

Grand Total: 1528 creatures vanquished

Notes
Turn   | Place    | Note
-------+----------+-------------------------------------------
     0 | D:1      | zoidberg28 the Spriggan Enchanter began the quest for the
                  | Orb.
     0 | D:1      | Reached XP level 1. HP: 9/9 MP: 5/5
   688 | D:1      | Reached XP level 2. HP: 13/13 MP: 6/6
   698 | D:1      | Learned a level 2 spell: Ensorcelled Hibernation
  1149 | D:1      | Reached skill level 5 in Stealth
  1149 | D:1      | Reached XP level 3. HP: 17/17 MP: 2/8
  1684 | D:2      | Noticed Robin
  1810 | D:2      | Found a sparkling altar of Nemelex Xobeh.
  1815 | D:2      | Became a worshipper of Nemelex Xobeh the Trickster
  2452 | D:2      | Killed Robin
  2596 | D:2      | Reached XP level 4. HP: 21/21 MP: 9/9
  2863 | D:3      | Found a burning altar of Makhleb.
  3342 | D:3      | Reached skill level 6 in Stealth
  3708 | D:4      | Found a glowing silver altar of Zin.
  3871 | D:4      | Reached XP level 5. HP: 25/25 MP: 5/10
  3957 | D:4      | Reached * piety under Nemelex Xobeh
  4005 | D:4      | Reached skill level 1 in Fighting
  4239 | D:4      | Found a transporter.
  4357 | D:4      | Found a transporter.
  4378 | D:4      | Noticed kwass's ghost (amateur DECj)
  4416 | D:4      | Reached skill level 1 in Evocations
  4779 | D:4      | Reached XP level 6. HP: 24/30 MP: 3/12
  4848 | D:4      | Learned a level 3 spell: Confusing Touch
  4852 | D:4      | Learned a level 3 spell: Tukima's Dance
  5006 | D:4      | Received a gift from Nemelex Xobeh
  5263 | D:4      | Reached skill level 1 in Invocations
  5620 | D:4      | Reached skill level 7 in Stealth
  5620 | D:4      | Noticed a vampire mosquito
  5629 | D:4      | Killed kwass's ghost
  5630 | D:4      | Reached XP level 7. HP: 24/33 MP: 9/13
  5796 | D:4      | Upgraded the game from 0.26.0-57-g60708a5e39 to
                  | 0.26.0-90-g5fd8617961
  5899 | D:5      | Entered Level 5 of the Dungeon
  5933 | D:5      | Found a staircase to the Ecumenical Temple.
  5956 | D:5      | Found a bloodstained altar of Trog.
  6152 | D:5      | Reached ** piety under Nemelex Xobeh
  6219 | D:5      | Learned a level 3 spell: Dazzling Flash
  6510 | D:5      | Noticed Edmund
  6552 | D:5      | Killed Edmund
  6692 | D:5      | Reached skill level 5 in Dodging
  6692 | D:5      | Reached skill level 8 in Stealth
  7161 | Temple   | Entered the Ecumenical Temple
  7349 | D:6      | Reached skill level 5 in Short Blades
  7349 | D:6      | Reached skill level 5 in Hexes
  7382 | D:6      | Found a sand-covered staircase.
  7391 | Ossuary  | Entered an ossuary
  7838 | Ossuary  | Reached XP level 8. HP: 39/39 MP: 15/15
  8055 | Ossuary  | Noticed Menkaure
  8599 | Ossuary  | HP: 1/39 [Menkaure (20)]
  8636 | Ossuary  | Killed Menkaure
  9144 | D:6      | Reached skill level 9 in Stealth
  9187 | D:6      | Noticed Eustachio
  9194 | D:6      | Killed Eustachio
  9203 | D:6      | Noticed Duvessa
  9204 | D:6      | Noticed Dowan
  9215 | D:6      | Killed Dowan
  9216 | D:6      | Reached skill level 5 in Spellcasting
  9225 | D:6      | Killed Duvessa
  9373 | D:6      | Found an opulent altar of Gozag.
  9505 | D:6      | Got a shimmering hand axe
 10023 | D:7      | Found Jixar's Distillery.
 10033 | D:7      | Bought 2 potions of heal wounds for 110 gold pieces
 10033 | D:7      | Bought a potion of curing for 33 gold pieces
 10033 | D:7      | Bought a potion of flight for 33 gold pieces
 10033 | D:7      | Bought a potion of might for 44 gold pieces
 10056 | D:7      | Upgraded the game from 0.26.0-90-g5fd8617961 to
                  | 0.26.0-91-g99b343417d
 10129 | D:7      | Learned a level 2 spell: Slow
 10132 | D:7      | Learned a level 2 spell: Blink
 10139 | D:7      | Reached *** piety under Nemelex Xobeh
 10161 | D:7      | Received a gift from Nemelex Xobeh
 10187 | D:7      | Noticed Pikel
 10239 | D:7      | Killed Pikel
 10240 | D:7      | Reached skill level 10 in Stealth
 10240 | D:7      | Reached XP level 9. HP: 30/44 MP: 9/18
 10957 | D:7      | Received a gift from Nemelex Xobeh
 10975 | D:7      | Found a runed translucent door.
 10976 | D:7      | Noticed Crazy Yiuf
 10985 | D:7      | Killed Crazy Yiuf
 11762 | D:8      | Found a shimmering altar of Xom.
 11762 | D:8      | Found an ancient bone altar of Kikubaaqudgha.
 11805 | D:8      | Noticed Harold
 11833 | D:8      | Killed Harold
 11834 | D:8      | Reached skill level 11 in Stealth
 11834 | D:8      | Reached skill level 5 in Evocations
 12081 | D:8      | Upgraded the game from 0.26.0-91-g99b343417d to 0.26.1
 12206 | D:8      | Noticed a komodo dragon
 12435 | D:8      | Killed a komodo dragon
 12871 | D:8      | Reached XP level 10. HP: 44/49 MP: 17/20
 13305 | D:8      | Found Daileg's Weapon Boutique.
 13505 | D:9      | Found a snail-covered altar of Cheibriados.
 13567 | D:9      | Received a gift from Nemelex Xobeh
 13769 | D:9      | Reached **** piety under Nemelex Xobeh
 14133 | D:9      | Reached skill level 12 in Stealth
 14737 | D:9      | Found a snail-covered altar of Cheibriados.
 14737 | D:9      | Found an ornate altar of the Wu Jian Council.
 14826 | D:9      | Noticed Gastronok
 14980 | D:9      | Killed Gastronok
 14981 | D:9      | Reached skill level 5 in Invocations
 15069 | D:9      | Found a staircase to the Orcish Mines.
 15078 | D:9      | Received a gift from Nemelex Xobeh
 15215 | D:10     | Entered Level 10 of the Dungeon
 15435 | D:10     | Reached XP level 11. HP: 44/54 MP: 18/22
 15449 | D:10     | Reached skill level 13 in Stealth
 16225 | D:10     | Received a gift from Nemelex Xobeh
 16574 | D:10     | Noticed a death yak
 16575 | D:10     | Found a staircase to the Lair.
 16597 | D:10     | Noticed a death yak
 16598 | D:10     | Noticed a death yak
 16624 | D:10     | Killed a death yak
 16634 | D:10     | Killed a death yak
 16652 | D:10     | Killed a death yak
 16653 | D:10     | Reached skill level 5 in Fighting
 17855 | Lair:1   | Entered Level 1 of the Lair of Beasts
 17855 | Lair:1   | Received a gift from Nemelex Xobeh
 17862 | Lair:1   | Reached skill level 10 in Short Blades
 17862 | Lair:1   | Reached skill level 14 in Stealth
 18066 | Lair:1   | Identified the +9 hand axe "Caumom" {protect, Int+3 Stlth+}
                  | (You found it on level 6 of the Dungeon)
 18171 | Lair:1   | Identified 2 scrolls of acquirement
 18171 | Lair:1   | Acquired a +2 buckler of resistance
 18184 | Lair:1   | Acquired a scarf of resistance
 18343 | Lair:1   | Reached skill level 1 in Shields
 18385 | Lair:1   | Noticed a four-headed hydra
 18427 | Lair:1   | Killed a four-headed hydra
 18428 | Lair:1   | Reached XP level 12. HP: 55/60 MP: 11/25
 18745 | Lair:1   | Reached ***** piety under Nemelex Xobeh
 19101 | Lair:1   | Received a gift from Nemelex Xobeh
 19411 | Lair:2   | Found a staircase to the Snake Pit.
 19727 | Lair:2   | Received a gift from Nemelex Xobeh
 20633 | Lair:3   | Reached skill level 10 in Dodging
 20670 | Lair:3   | Noticed a death yak
 20671 | Lair:3   | Noticed a death yak
 20671 | Lair:3   | Noticed a death yak
 20673 | Lair:3   | Noticed a death yak
 20674 | Lair:3   | Noticed a death yak
 20796 | Lair:3   | Received a gift from Nemelex Xobeh
 20825 | Lair:3   | Killed a death yak
 20924 | Lair:3   | Reached skill level 15 in Stealth
 21128 | Lair:3   | Killed a death yak
 21134 | Lair:3   | Killed a death yak
 21136 | Lair:3   | Killed a death yak
 21137 | Lair:3   | Killed a death yak
 21385 | Lair:3   | Noticed a four-headed hydra
 21393 | Lair:3   | Killed a four-headed hydra
 21397 | Lair:3   | Noticed a five-headed hydra
 21398 | Lair:3   | Noticed a death yak
 21399 | Lair:3   | Noticed a death yak
 21416 | Lair:3   | Killed a death yak
 21416 | Lair:3   | Killed a five-headed hydra
 21418 | Lair:3   | Noticed a death yak
 21419 | Lair:3   | Killed a death yak
 21434 | Lair:3   | Killed a death yak
 21776 | Lair:3   | Received a gift from Nemelex Xobeh
 21863 | Lair:3   | Received a gift from Nemelex Xobeh
 21865 | Lair:3   | Reached XP level 13. HP: 65/65 MP: 22/27
 22504 | Lair:3   | Found a staircase to the Swamp.
 22608 | Lair:4   | Received a gift from Nemelex Xobeh
 22656 | Lair:4   | Learned a level 3 spell: Mephitic Cloud
 22935 | Lair:4   | Reached skill level 1 in Translocations
 23245 | Lair:4   | Reached skill level 16 in Stealth
 23275 | Lair:4   | Reached skill level 1 in Poison Magic
 24813 | Lair:4   | Received a gift from Nemelex Xobeh
 25932 | Lair:4   | Reached skill level 10 in Hexes
 26251 | Lair:4   | Received a gift from Nemelex Xobeh
 26322 | Lair:4   | Noticed an entropy weaver
 26322 | Lair:4   | a death yak changed into an entropy weaver
 26792 | Lair:4   | Killed an entropy weaver
 27429 | Lair:5   | Reached skill level 10 in Evocations
 27433 | Lair:5   | Noticed Josephine
 27520 | Lair:5   | Killed Josephine
 27521 | Lair:5   | Reached XP level 14. HP: 70/70 MP: 28/28
 27533 | Lair:5   | Reached skill level 5 in Shields
 27612 | Lair:5   | Noticed Kirke
 28639 | Lair:5   | Reached skill level 10 in Spellcasting
 28664 | Lair:5   | Killed Kirke
 28943 | Lair:5   | Received a gift from Nemelex Xobeh
 28951 | Lair:5   | Found a staircase to the Slime Pits.
 29537 | Lair:6   | Entered Level 6 of the Lair of Beasts
 29640 | Lair:6   | Received a gift from Nemelex Xobeh
 29693 | Lair:6   | Reached skill level 17 in Stealth
 29782 | Lair:6   | Learned a level 4 spell: Cause Fear
 30592 | Lair:6   | Reached skill level 5 in Translocations
 30714 | Lair:6   | Received a gift from Nemelex Xobeh
 30830 | Lair:6   | Reached skill level 1 in Air Magic
 31064 | Lair:6   | Found a runed translucent door.
 31187 | Lair:6   | Reached skill level 1 in Conjurations
 33526 | Orc:1    | Entered Level 1 of the Orcish Mines
 33526 | Orc:1    | Noticed a stone giant
 33529 | Orc:1    | Killed a stone giant
 33530 | Orc:1    | Reached XP level 15. HP: 75/75 MP: 30/30
 34122 | Orc:2    | Entered Level 2 of the Orcish Mines
 34122 | Orc:2    | Found a runed translucent gate.
 34122 | Orc:2    | Found a runed translucent gate.
 34122 | Orc:2    | Found a runed translucent gate.
 34122 | Orc:2    | Found a staircase to the Elven Halls.
 34127 | Orc:2    | Noticed Survivorfifteen's ghost (journeyman GrBe)
 34147 | Orc:2    | Reached ****** piety under Nemelex Xobeh
 34147 | Orc:2    | Received a gift from Nemelex Xobeh
 35173 | Orc:2    | Received a gift from Nemelex Xobeh
 36149 | Orc:2    | Found Raathag's Antique Armour Emporium.
 36149 | Orc:2    | Found Gyffanoud's Weapon Shop.
 36151 | Orc:2    | Found Moew's Armour Boutique.
 36153 | Orc:2    | Found Zalanos's Weapon Shoppe.
 37070 | Orc:1    | Found a corrupted altar of Lugonu.
 37070 | Orc:1    | Found a one-way gate to the infinite horrors of the Abyss.
 37282 | Orc:1    | Received a gift from Nemelex Xobeh
 37300 | Orc:1    | Noticed Sonja
 37320 | Orc:1    | Killed Sonja
 37564 | Orc:2    | Killed Survivorfifteen's ghost
 37565 | Orc:2    | Reached skill level 18 in Stealth
 38142 | D:11     | Noticed Erica
 38385 | D:11     | Received a gift from Nemelex Xobeh
 38458 | D:11     | Learned a level 8 spell: Discord
 38899 | D:11     | Killed Erica
 38974 | D:11     | Found a burning altar of Makhleb.
 39131 | D:11     | Received a gift from Nemelex Xobeh
 41198 | D:12     | Found a sacrificial altar of Ru.
 41244 | D:12     | Received a gift from Nemelex Xobeh
 41893 | D:13     | Identified the Tome of the Last Coins
 41958 | D:13     | Found a white marble altar of Elyvilon.
 42116 | D:13     | Received a gift from Nemelex Xobeh
 42412 | D:13     | Received a gift from Nemelex Xobeh
 43261 | D:13     | Found a gate to the Vaults.
 43261 | D:13     | Received a gift from Nemelex Xobeh
 43787 | D:14     | Noticed Snorg
 43794 | D:14     | Killed Snorg
 43829 | D:13     | Acquired a +4 quick blade
 44854 | D:14     | Received a gift from Nemelex Xobeh
 45020 | D:14     | Reached XP level 16. HP: 68/81 MP: 32/32
 45549 | D:15     | Entered Level 15 of the Dungeon
 45571 | D:15     | Noticed Azrael
 46173 | D:15     | Killed Azrael
 48093 | D:15     | Received a gift from Nemelex Xobeh
 48107 | D:15     | Found a staircase to the Depths.
 48545 | D:14     | Upgraded the game from 0.26.1 to 0.26.1-2-gb8aa6d0cf2
 48773 | Swamp:1  | Entered Level 1 of the Swamp
 48773 | Swamp:1  | Received a gift from Nemelex Xobeh
 49374 | Elf:1    | Entered Level 1 of the Elven Halls
 49381 | Elf:1    | Reached skill level 15 in Short Blades
 49595 | Elf:1    | Noticed Frances
 49602 | Elf:1    | Killed Frances
 51902 | Lair:1   | Learned a level 3 spell: Static Discharge
 51906 | Lair:1   | Learned a level 3 spell: Stone Arrow
 53072 | Elf:1    | Received a gift from Nemelex Xobeh
 53827 | Elf:1    | Reached skill level 19 in Stealth
 53846 | Elf:2    | Found a runed translucent gate.
 53846 | Elf:2    | Found a runed translucent gate.
 53846 | Elf:2    | Found a runed translucent gate.
 54041 | Elf:2    | Received a gift from Nemelex Xobeh
 54640 | Elf:2    | Reached XP level 17. HP: 80/86 MP: 24/33
 54890 | Snake:1  | Entered Level 1 of the Snake Pit
 54891 | Snake:1  | Received a gift from Nemelex Xobeh
 54992 | Snake:1  | Reached skill level 1 in Transmutations
 55363 | Snake:1  | Received a gift from Nemelex Xobeh
 55916 | Snake:1  | Got a slimy lapis lazuli ring
 55950 | Snake:1  | Identified the ring "Obuovenu" {*Contam rF+ MP+9 Str+4
                  | Dex+4} (You found it on level 1 of the Snake Pit)
 58550 | Snake:2  | Reached skill level 10 in Invocations
 59233 | Snake:3  | Received a gift from Nemelex Xobeh
 59541 | Snake:3  | Noticed Vashnia
 60610 | Snake:3  | Received a gift from Nemelex Xobeh
 60654 | Snake:3  | Killed Vashnia
 61944 | Snake:4  | Entered Level 4 of the Snake Pit
 62234 | Snake:4  | Received a gift from Nemelex Xobeh
 62240 | Snake:4  | Noticed Aizul
 62256 | Snake:4  | Killed Aizul
 62627 | Snake:4  | Found Itaasch's Gadget Boutique.
 62642 | Snake:4  | Bought a condenser vane for 760 gold pieces
 62656 | Snake:4  | Reached XP level 18. HP: 91/91 MP: 35/35
 62828 | Snake:4  | Received a gift from Nemelex Xobeh
 62961 | Snake:4  | Noticed Nikola
 63009 | Snake:4  | Killed Nikola
 63157 | Snake:4  | Reached skill level 5 in Transmutations
 65620 | Snake:4  | Reached skill level 20 in Stealth
 65889 | Snake:4  | Identified the Papyrus of the Twisted Rocks
 66527 | Snake:4  | Reached skill level 15 in Dodging
 66774 | Snake:3  | Learned a level 5 spell: Blade Hands
 66818 | Snake:3  | HP: 4/92 [poisoned by a nagaraja (splash of poison)]
 66825 | Snake:3  | HP: 4/92 [poisoned by a nagaraja (splash of poison)]
 66833 | Snake:3  | HP: 4/92 [poisoned by a nagaraja (splash of poison)]
 67268 | Snake:4  | Reached skill level 15 in Hexes
 67456 | Snake:4  | Got a serpentine rune of Zot
 67967 | Elf:3    | Entered Level 3 of the Elven Halls
 68070 | Elf:3    | Received a gift from Nemelex Xobeh
 68790 | Elf:3    | Found a gateway to a bazaar.
 68807 | Bazaar   | Entered a bazaar
 68813 | Bazaar   | Found Inunaut's General Store.
 68823 | Bazaar   | Bought a scroll of summoning for 85 gold pieces
 68826 | Bazaar   | Found Jonoiffi's Antique Weapon Shop.
 68829 | Bazaar   | Received a gift from Nemelex Xobeh
 68838 | Bazaar   | Found Pochue's Antique Armour Shop.
 68846 | Bazaar   | Bought a glowing buckler for 202 gold pieces
 68846 | Bazaar   | Bought a glowing cloak for 202 gold pieces
 68915 | Bazaar   | Found Vyskovov's Gadget Emporium.
 68925 | Bazaar   | Bought a lightning rod (4/4) for 330 gold pieces
 68928 | Bazaar   | Found Joargh's Magic Scroll Boutique.
 68936 | Bazaar   | Bought a scroll of enchant weapon for 90 gold pieces
 68936 | Bazaar   | Bought a scroll of acquirement for 624 gold pieces
 68939 | Bazaar   | Acquired a +9 quick blade
 68971 | Bazaar   | Bought a phantom mirror for 440 gold pieces
 69918 | Elf:3    | Reached XP level 19. HP: 96/96 MP: 37/37
 70110 | Elf:3    | Identified the ring of Udwust {rF+ rC+}
 70667 | Elf:3    | Identified the +1 scale mail of Inaction {rElec rPois
                  | Slay+3}
 71593 | Elf:3    | Identified the +6 quarterstaff of Zusoj {antimagic, +Inv}
 71604 | Elf:3    | Identified the +2 kite shield "Sueqein" {Dex+3}
 71604 | Elf:3    | Identified the +1 robe of the Sea {Stlth+}
 71613 | Elf:3    | Noticed a Tzitzimitl
 72572 | Elf:3    | Killed from afar by a deep elf annihilator

Illustrated notes

Levels and vault maps discovered:
D:1:      dpeg_arrival_arbitrary_c, layout_loops_corners
D:2:      layout_rooms, nemelex_xobeh_ov_fountains_minmay,
          serial_co_window_serial, co_window_paths_b, co_window_paths_b,
          co_window_paths_a, co_window_corner_a, co_window_paths_a,
          co_window_paths_b, co_window_paths_b, co_window_broadway_b,
          co_window_broadway_b, co_window_of_opportunity_c,
          co_window_broadway_b, co_window_4corner_a, glass_columns_b,
          glass_columns_a, glass_columns_a, glass_columns_a, glass_columns_a,
          uniq_robin
D:3:      layout_rooms, nicolae_overflow_hidden_temple, st_stairs_7
D:4:      cheibrodos_thug_alley, layout_loops_ring,
          nicolae_overflow_crystal_walls, gammafunk_ghost_gnarly_gnolls,
          minmay_strange_pillars, corexii_hall_statues_i,
          chequers_serial_rivers_large_a
D:5:      layout_gridville, old_standard_altar, temple_green, uniq_edmund
D:6:      layout_basic, old_standard_altar, nicolae_ossuary_entry_ruins,
          uniq_eustachio, uniq_duvessa
D:7:      layout_basic, serial_shops, nicolae_shop_stone, serial_bayou_ford_a,
          kennysheep_cross_bottleneck, minmay_misc_feat_cross,
          kennysheep_decorative_pillar, uniq_menkaure, uniq_crazy_yiuf_cottage,
          uniq_pikel
D:8:      layout_rooms, grunt_temple_overflow_open, serial_shops,
          kennysheep_mini_moat, uniq_harold
D:9:      layout_roguey, gammafunk_temple_overflow_statue, orc_0_dummy,
          basic_altar, serial_ice, serial_ice_b, serial_ice_d, serial_ice_k,
          serial_ice_c, serial_ice_h, serial_ice_g, uniq_gastronok
D:10:     layout_loops_corners, dpeg_lair_monsters, kennysheep_generic_room_6
D:11:     due_megacathedral, layout_layer_cave, basic_altar, onia_ninara_cookie,
          uniq_erica
D:12:     minmay_bubble_buster, layout_long_grid,
          nicolae_ru_sacrificial_ziggurat
D:13:     minmay_open_boxes_in_corner, layout_loops_ring,
          lightli_vaults_fourway_checkpoint, serial_glass, glass_columns_b,
          glass_columns_b, glass_columns_a, glass_columns_b, glass_columns_b,
          glass_columns_b, glass_columns_a, glass_columns_a, glass_columns_b,
          glass_columns_c, glass_columns_c, glass_columns_a, glass_columns_a,
          glass_columns_a, elyvilon_altar_5
D:14:     layout_loops_ring, nicolae_lava_and_water, evilmike_minifort,
          uniq_snorg
D:15:     hangedman_depths_entry_try_elsewhere_first, layout_rooms, special_room
          [special_room_orc], hangedman_glass_teeth, uniq_azrael
Temple:   dshaligram_water_room_temple
Lair:1:   minmay_lair_oklob_tunnel, layout_hall_layers, serial_bayou_shore_a,
          grunt_megastairs_4
Lair:2:   layout_cave_pods, guppyfry_snake_entry_garden, serial_forest,
          infiniplex_forest_end_1, infiniplex_forest_straight_2,
          infiniplex_forest_clump_tiny, infiniplex_forest_corner_1,
          serial_bayou_crossing
Lair:3:   layout_chaotic_city, palyth_hydra_swamp_entry, lemuel_fruit_fields
Lair:4:   regret_index_wax_grids, layout_layer_cave, grunt_megastairs_1,
          minmay_lair_oklob_chamber, lemuel_fruit_tree
Lair:5:   layout_cave_shapes, nicolae_slime_entry_slimehenge,
          lemuel_fruit_fields, uniq_kirke, uniq_josephine
Lair:6:   hangedman_lair_in_review, layout_hall_layers, wormcave, minivault_19,
          chequers_serial_rivers_small_3, st_stairs_3
Swamp:1:  layout_basic_swamp, evilmike_swamp_ruin_rubble_1,
          nicolae_swamp_trees_clearing
Snake:1:  layout_gridlike
Snake:2:  nicolae_snake_nest, layout_rooms
Snake:3:  layout_layer_cave, uniq_vashnia
Snake:4:  grunt_snake_rune_pools, layout_cave_town, serial_shops, shop_statue,
          uniq_aizul, uniq_nikola
Orc:1:    layout_caves, amcnicky_altar_lugonu_corruption, uniq_sonja
Orc:2:    st_orc_rangers, layout_caves, maelrawn_ghost_gauntlet_escape
Elf:1:    layout_gridlike, minivault_28, uniq_frances
Elf:2:    layout_onion_city
Elf:3:    elf_hall, layout_loops_cross, serial_shops, bzr_entry_gold,
          hangedman_elf_represent

Skill      XL: |  1  2  3  4  5  6  7  8  9 10 11 12 13 14 15 16 17 18 19 |
---------------+----------------------------------------------------------+-----
Short Blades   | 2 3 4 5 6 7 9 10 11 12 14 15 16 17 | 17.3
Stealth        | 5 6 7 8 10 11 12 14 15 16 17 18 19 20 | 20.5
Spellcasting   | 3 4 5 6 7 8 9 10 11 12 13 | 13.4
Hexes          | 4 5 6 7 8 9 10 11 13 14 15 | 15.6
Fighting       | 1 2 3 4 5 6 7 8 9 |  9.6
Dodging        | 4 5 6 7 8 9 10 11 12 13 14 15 | 15.5
Evocations     | 1 3 4 5 6 8 9 10 11 12 13 14 | 14.1
Invocations    | 1 2 3 4 5 6 7 8 9 10 11 | 11.1
Shields        | 1 3 4 6 7 |  7.2
Translocations | 4 6 |  6.7
Poison Magic   | 2 3 |  3.0
Air Magic      | 1 |  1.0
Conjurations   | 1 |  1.0
Transmutations | 4 6 |  6.2

Action                   |  1- 3 |  4- 6 |  7- 9 | 10-12 | 13-15 | 16-18 | 19-21 || total
-------------------------+-------+-------+-------+-------+-------+-------+-------++-------
Melee: Dagger            |   142 |   263 |   370 |   728 |  1770 |    21 |       ||  3294
       Hunting sling     |       |       |    21 |       |       |       |       ||    21
       Quick blade       |       |       |       |       |    78 |  1913 |   207 ||  2198
       Rapier            |       |       |       |       |       |     8 |       ||     8
       Short sword       |       |       |       |       |       |     2 |       ||     2
       Unarmed           |       |       |       |       |       |    44 |    31 ||    75
 Fire: Hunting sling     |       |       |    70 |     2 |       |       |       ||    72
Throw: Dart              |       |       |     2 |     6 |    15 |     8 |       ||    31
       Throwing net      |       |       |       |       |     1 |     3 |       ||     4
 Cast: Corona            |    12 |       |       |       |       |       |       ||    12
       Ensorcelled Hiber |     4 |    27 |    16 |    19 |    69 |     4 |       ||   139
       Confusing Touch   |       |       |    50 |   135 |   429 |   317 |    19 ||   950
       Tukima's Dance    |       |       |     2 |     8 |    72 |   129 |     1 ||   212
       Dazzling Flash    |       |       |       |       |     2 |     1 |       ||     3
       Mephitic Cloud    |       |       |       |       |    15 |     7 |    10 ||    32
       Slow              |       |       |       |       |     1 |       |       ||     1
       Stone Arrow       |       |       |       |       |       |     7 |       ||     7
       Cause Fear        |       |       |       |       |       |     3 |       ||     3
       Blink             |       |       |       |       |       |     7 |       ||     7
       Static Discharge  |       |       |       |       |       |     2 |       ||     2
       Blade Hands       |       |       |       |       |       |     4 |     5 ||     9
Invok: Draw Summoning    |       |     1 |       |     1 |     2 |     6 |     1 ||    11
       Draw Destruction  |       |       |     1 |    17 |    33 |    60 |     4 ||   115
       Triple Draw       |       |       |       |     1 |       |       |       ||     1
       Draw Escape       |       |       |       |       |     1 |     6 |       ||     7
       Stack Five        |       |       |       |       |     1 |       |       ||     1
Evoke: Wand              |       |       |     1 |       |       |     3 |     1 ||     5
       Box of beasts     |       |       |       |       |     1 |     1 |       ||     2
       Phial of floods   |       |       |       |       |       |     2 |       ||     2
       Condenser vane    |       |       |       |       |       |     1 |       ||     1
       Lightning rod     |       |       |       |       |       |       |     4 ||     4
  Use: Scroll            |     1 |     4 |     8 |    15 |    11 |     5 |       ||    44
       Potion            |       |     2 |     3 |     2 |     1 |     7 |       ||    15
 Stab: Sleeping          |    14 |    19 |    46 |    38 |    73 |    74 |       ||   264
       Distracted        |       |     2 |     1 |       |     4 |    14 |     1 ||    22
       Confused          |       |       |    44 |   121 |   379 |   330 |    23 ||   897
       Invisible         |       |       |     2 |     1 |     1 |       |       ||     4
       Held in net/web   |       |       |       |       |     2 |     7 |       ||     9
       Petrified         |       |       |       |       |     2 |       |       ||     2
Armor: Robe              |    14 |    26 |       |       |       |       |       ||    40
       Animal skin       |       |     7 |    19 |    11 |       |       |       ||    37
       Steam dragon scal |       |       |       |    14 |    58 |    77 |     8 ||   157
Dodge: Dodged            |    83 |   226 |   218 |   372 |   948 |   617 |    63 ||  2527
Block: Buckler           |       |       |       |       |   423 |   408 |    31 ||   862
